AoeStats
← MatzeAoE

Black Forest

504734007Analyzed
1v1 RM · 27d ago on Sep 6, 2026· 50m 31s· 2 players
Game mode
Random Map
Map size
Tiny (2 player)
Population
200
Speed
Normal
Resources
Standard
Victory
Conquest
Starting age
Dark Age
Ending age
Imperial Age
RankedLock teamsTeams togetherTeam positionsShared explorationLock speedFull tech treeHidden civsTurbo modeCheats
Victory
Defeat
🇩🇪 Britons · Germany
2071
+16
🇳🇱 Malians · Netherlands
2067
-16
Ceeelebrate
0:33 Loom
10:15 Feudal Age
10:19 Man-at-Arms
10:53 Double-Bit Axe
15:11 Horse Collar
17:21 Fletching
21:36 Castle Age
21:29 Gold Mining
21:30 Stone Mining
21:58 Scale Mail Armor
32:52 Imperial Age
32:16 Long Swordsman
33:45 Scale Mail Armor
35:54 Chain Mail Armor
37:41 Wheelbarrow
36:53 Town Watch
37:10 Heavy Plow
37:12 Two-Handed Swordsman
37:38 Onager
39:20 Squires
39:56 Plate Mail Armor
39:19 Capped Ram
41:10 Forging
41:05 Champion
43:19 Iron Casting
44:14 Arson
47:15 Bodkin Arrow
47:34 Masonry
47:44 Ballistics
48:59 Conscription
49:41 Architecture
MatzeAoE
1:37 Loom
11:16 Feudal Age
16:54 Castle Age
14:47 Horse Collar
15:43 Double-Bit Axe
18:02 Bow Saw
23:35 Heavy Plow
27:08 Wheelbarrow
31:58 Imperial Age
29:40 Fletching
30:21 Gold Mining
30:28 Bodkin Arrow
30:29 Stone Mining
32:43 Bracer
33:46 Chemistry
33:07 Ballistics
33:25 Hand Cart
34:06 Ballistics
34:09 Conscription
34:53 Warwolf
34:54 Elite Longbowman
36:28 Padded Archer Armor
36:51 Yeomen
37:20 Gold Shaft Mining
38:23 Two-Man Saw
38:05 Man-at-Arms
38:47 Squires
38:34 Arson
39:01 Long Swordsman
39:42 Two-Handed Swordsman
40:24 Scale Mail Armor
40:37 Forging
43:20 Chain Mail Armor
43:41 Iron Casting
44:07 Iron Casting
43:28 Gambesons
43:46 Champion
46:36 Blast Furnace
46:06 Plate Mail Armor
47:08 Guilds
49:22 Leather Archer Armor
49:38 Town Watch
Connection lost

Rejoining the realm…

Still unreachable

The connection could not be restored.

Session expired

The server has moved on; the page needs a fresh start.